 Dungeon Crawl Stone Soup version 0.24-a0-309-g1095bca (webtiles) character file.

Game seed: 8435470967279163584

51 galech the Skirmisher (level 3, -1/29 HPs)
             Began as a Demonspawn Fighter on May 14, 2019.
             Killed by nerve-wracking pain
             ... invoked by Grinder
              (6 damage)
             ... while paralysed by Grinder
             ... on level 3 of the Dungeon.
             The game lasted 00:01:53 (1242 turns).

galech the Skirmisher (Demonspawn Fighter)          Turns: 1242, Time: 00:01:54

Health: -1/29      AC:  6    Str: 21    XL:     3   Next: 58%
Magic:  3/3        EV:  2    Int:  9    God:
Gold:   109        SH:  0    Dex: 13    Spells: 2/2 levels left

rFire    . . .     SeeInvis .   a - +0 war axe
rCold    . . .     Gourm    .   c - +0 shield
rNeg     . . .     Faith    .   b - +0 scale mail
rPois    .         Spirit   .   (helmet restricted)
rElec    .         Reflect  .   (no cloak)
rCorr    .         Harm     .   (no gloves)
MR       .....                  (no boots)
Stlth    ..........             (no amulet)
HPRegen  0.09/turn              (no ring)
MPRegen  0.08/turn              (no ring)

@: paralysed, mighty, hasted
A: antennae 1, powered by death 1
a: no special abilities


You were on level 3 of the Dungeon.
You were not hungry.

You visited 1 branch of the dungeon, and saw 3 of its levels.

You collected 109 gold pieces.

Inventory:

Hand Weapons
 a - a +0 war axe (weapon)
Armour
 b - a +0 scale mail (worn)
 c - a +0 shield (worn)
Scrolls
 e - a scroll of immolation {unknown}
 i - a scroll of remove curse {unknown}
 j - 3 scrolls of identify {unknown}
 n - a scroll of random uselessness {unknown}
 o - 2 scrolls of amnesia {unknown}
Potions
 h - a potion of ambrosia {unknown}
 k - a potion of mutation {unknown}
 m - a potion of lignification {unknown}
Comestibles
 f - 4 rations


   Skills:
 + Level 3.3 Fighting
 + Level 2.3 Axes
 + Level 3.3 Armour
 + Level 0.1 Dodging
 + Level 3.0 Shields


You had 2 spell levels left.
You didn't know any spells.
Your spell library was empty.

Dungeon Overview and Level Annotations

Branches:
Dungeon (3/15)

Altars:
Fedhas
Hepliaklqana
Qazlal
Uskayaw
Xom
Zin

Annotations:
D:3 Grinder


Innate Abilities, Weirdness & Mutations

You have a pair of small antennae on your head.
You regenerate a little health from kills.


Message History

You climb downwards.
A hobgoblin and Grinder come into view.
Grinder shouts!
The hobgoblin shouts!
Found a robe and a scroll labeled ZOYNOI SUYNAI.
There is a stone staircase leading up here.
You feel very mighty all of a sudden.
The leopard gecko bites you but does no damage.
The leopard gecko barely misses you.
It was a potion of haste.
You feel yourself speed up. The leopard gecko bites you.
* * * LOW HITPOINT WARNING * * *
Okay, then.
Grinder drinks a potion.
Grinder seems to speed up.
You block the leopard gecko's attack. Grinder gestures at you.
You suddenly lose the ability to move!
The leopard gecko bites you but does no damage.
Grinder gestures at you. Pain shoots through your body!
You die...

..##..###.
.........#
.........#
.........#
.........#
#........#
#........#
#.@### #
#..l.## .##
##....####..#
#.#......#.##
#.###g.......
###5###........
.......<.......
.#[........####
#..g?.....#


You could see Grinder, a leopard gecko and a hobgoblin.

Vanquished Creatures
  An adder (D:2)
  An ooze (D:2)
  A dart slug (D:2)
  3 leopard geckos
  4 bats
  6 giant cockroaches
  4 goblins
  3 hobgoblins
  A ball python (D:1)
  A frilled lizard (D:2)
  3 kobolds
  3 rats
31 creatures vanquished.

Notes
Turn   | Place    | Note
-------+----------+-------------------------------------------
     0 | D:1      | galech the Demonspawn Fighter began the quest for the Orb.
     0 | D:1      | Reached XP level 1. HP: 18/18 MP: 1/1
   156 | D:1      | Gained mutation: You have a pair of small antennae on your
                  | head. [demonic ancestry]
   156 | D:1      | Reached XP level 2. HP: 24/24 MP: 2/2
   903 | D:2      | Found a hide-covered altar of Uskayaw.
   904 | D:2      | Found a hazy altar of Hepliaklqana.
   905 | D:2      | Found a glowing silver altar of Zin.
   908 | D:2      | Found a stormy altar of Qazlal.
   908 | D:2      | Found a shimmering altar of Xom.
   909 | D:2      | Gained mutation: You regenerate a little health from kills.
                  | [demonic ancestry]
   909 | D:2      | Reached XP level 3. HP: 29/29 MP: 3/3
   910 | D:2      | Found a blossoming altar of Fedhas.
  1052 | D:2      | Found a faded altar of an unknown god.
  1232 | D:3      | Noticed Grinder
  1240 | D:3      | Paralysed by Grinder for 6 turns
  1242 | D:3      | Killed from afar by Grinder

Levels and vault maps discovered:
D:1:      kennysheep_arrival_seaside, layout_loops_corners,
          minmay_misc_feat_ornament
D:2:      layout_loops_cross, grunt_temple_overflow_open,
          chequers_ecumenical_altar_simple
D:3:      layout_rooms, marbit_many_paths, saegor_snake_ambush, uniq_grinder,
          uniq_sigmund, uniq_natasha, uniq_jessica

Skill      XL: |  1  2  3 |
---------------+----------+-----
Armour         | 3 |  3.3
Axes           | 2 |  2.3
Shields        | 3 |  3.0
Fighting       | |  3.3
Dodging        | |  0.1

Action                   || total
-------------------------++-------
Melee: War axe           ||    78
  Use: Potion            ||     2
  Eat: Chunk             ||     1
Armor: Scale mail        ||    35
Dodge: Dodged            ||    31
Block: Shield            ||    38

Table legend:
 A = Non-vault XP
 B = Vault XP
 C = Vault XP percentage of total XP
 D = Non-vault monster count
 E = Vault monster count
 F = Vault count percentage of total count
                 A         B        C        D         E       F
            +---------+---------+-------+---------+---------+-------
      Total |      74 |       0 |   0.0 |      31 |       0 |   0.0
            +---------+---------+-------+---------+---------+-------
        D:1 |      26 |       0 |   0.0 |      15 |       0 |   0.0
        D:2 |      48 |       0 |   0.0 |      16 |       0 |   0.0
            +---------+---------+-------+---------+---------+-------
